 Dungeon Crawl Stone Soup version 0.20-a0-958-g783e32d (webtiles) character file.

434 M4edhros the Sneak (level 7, -4/45 HPs)
             Began as an Octopode Necromancer on Apr 6, 2017.
             Slain by an orc warrior
             ... wielding a +0 mace
              (15 damage)
             ... on level 6 of the Dungeon.
             The game lasted 00:05:30 (1384 turns).

M4edhros the Sneak (Octopode Necromancer)           Turns: 1384, Time: 00:05:30

Health: -4/45      AC:  1    Str:  7    XL:     7   Next: 0%
Magic:  10/10      EV: 20    Int: 17    God:
Gold:   180        SH:  0    Dex: 20    Spells: 5/10 levels left

rFire    . . .     SeeInvis .     - Unarmed
rCold    . . .     Gourm    .   (no shield)
rNeg     . . .     Faith    .   (helmet restricted)
rPois    .         Spirit   .   (no amulet)
rElec    .         Reflect  .   l - ring of protection from magic
rCorr    .         Harm     .   (no ring)
MR       +....                  (no ring)
Stlth    +++++.....             (no ring)
Regen    0.2/turn               (no ring)
MPRegen  0.2/turn               (no ring)
                                (no ring)
                                (no ring)

@: agile
A: almost no armour, stealthy swim, amphibious, 8 rings, constrict 8, camouflage
1, gelatinous body 1
a: no special abilities


You were on level 6 of the Dungeon.
You were not hungry.

You visited 1 branch of the dungeon, and saw 6 of its levels.

You collected 180 gold pieces.

Inventory:

Hand Weapons
 g - a +0 hunting sling
Missiles
 h - 31 stones (quivered)
Jewellery
 l - a ring of protection from magic (left tentacle)
Wands
 e - a wand of random effects (4/48)
Scrolls
 c - a scroll of noise {unknown}
 d - a scroll of remove curse
Books
 a - a book of Necromancy

   Spells                             Type                      Level
   a - Pain                           Necromancy                   1
   b - Animate Skeleton               Necromancy                   1
   c - Vampiric Draining              Necromancy                   3
   d - Regeneration                   Charms/Necromancy            3
   e - Animate Dead                   Necromancy                   4
   f - Control Undead                 Necromancy                   4
Comestibles
 b - a bread ration
 i - 3 meat rations
 j - 2 chunks of flesh
 k - 5 fruits


   Skills:
 + Level 2.8 Fighting
 + Level 3.8 Dodging
 + Level 4.9 Stealth
 * Level 4.2 Unarmed Combat
 - Level 2.0 Spellcasting
 - Level 4.0 Necromancy


You had 5 spell levels left.
You knew the following spells:

 Your Spells              Type           Power        Failure   Level  Hunger
a - Pain                  Necr           ###.         3%          1    #......
b - Animate Skeleton      Necr           N/A          3%          1    #......
c - Regeneration          Chrm/Necr      #.........   24%         3    ###....


Dungeon Overview and Level Annotations

Branches:
Dungeon (6/15)
 Temple: D:4-7

Altars:
Xom


Innate Abilities, Weirdness & Mutations

You cannot wear most types of armour.
You are very stealthy in the water. (Stealth+)
You are amphibious.
You can wear up to eight rings at the same time.
You can use your tentacles to constrict eight enemies at once.
Your skin changes colour to match your surroundings (Stealth+).
Your rubbery body absorbs attacks. (AC +1, EV +1)


Message History

The orc warrior flickers and vanishes!
Deactivating autopickup; reactivate with Ctrl-A.
Evoking this partially-identified wand wasted a few charges.
Something hits you!
An adder comes into view.
An orc warrior appears from thin air!
Reactivating autopickup.
Evoke which item? (* to show all) (? for menu, Esc to quit)
Aiming: Random Effects (will waste charges)
Press: ? - help, Shift-Dir - straight line, f - orc warrior
Aim: an orc warrior, wielding a mace and wearing a chain mail The orc warrior resists with significant effort.
Evoking this partially-identified wand wasted a few charges.
The orc warrior hits you with a mace!!
* * * LOW HITPOINT WARNING * * *
You completely miss the orc warrior. Your grab misses the orc warrior.
Okay, then.
You feel agile all of a sudden. The orc warrior hits you with a mace!
You die...

.....o...
....# #.# ##
#####.... #o#
... #.# ..
#.####o# .
+......#
######o####.#
#.o......#
#o#.######
#@#.# #.#..
#.#### #.#
#+#


You could see an orc warrior and 2 orcs.

Vanquished Creatures
  An ice beast (D:4)
  An ogre (D:6)
  2 crimson imps (D:5)
  A bullfrog skeleton (D:4)
  Jessica (D:2)
  An orc wizard (D:6)
  2 worker ants
  A shadow imp (D:5)
  An adder zombie (D:5)
  A worm (D:4)
  A dart slug (D:4)
  A leopard gecko (D:6)
  2 bats
  2 giant cockroaches (D:4)
  5 goblins
  5 hobgoblins (D:1)
  4 kobolds (D:1)
  3 quokkas
  2 frilled lizards
  4 rats (D:1)
  A butterfly (D:2)
42 creatures vanquished.

Vanquished Creatures (collateral kills)
  A giant cockroach (D:2)
1 creature vanquished.

Grand Total: 43 creatures vanquished

Notes
Turn   | Place    | Note
-------+----------+-------------------------------------------
     0 | D:1      | M4edhros the Octopode Necromancer began the quest for the Orb.
     0 | D:1      | Reached XP level 1. HP: 11/11 MP: 3/3
    65 | D:1      | Learned a level 1 spell: Animate Skeleton
    70 | D:1      | Reached XP level 2. HP: 7/18 MP: 0/5
   134 | D:1      | Reached skill level 1 in Fighting
   222 | D:2      | Found a shimmering altar of Xom.
   342 | D:1      | Reached skill level 1 in Unarmed Combat
   433 | D:2      | Noticed Jessica
   439 | D:2      | Killed Jessica
   439 | D:2      | Reached XP level 3. HP: 17/23 MP: 6/6
   447 | D:2      | Learned a level 3 spell: Regeneration
   559 | D:4      | Noticed an ice beast
   657 | D:4      | Reached XP level 4. HP: 22/28 MP: 7/7
   815 | D:4      | Reached XP level 5. HP: 24/34 MP: 4/8
   930 | D:4      | Killed an ice beast
   994 | D:5      | Entered Level 5 of the Dungeon
  1008 | D:5      | Reached XP level 6. HP: 25/39 MP: 7/9
  1329 | D:6      | Noticed an orc warrior
  1337 | D:6      | Reached XP level 7. HP: 37/45 MP: 10/10
  1384 | D:6      | Slain by an orc warrior

Vault maps used:
D:1:      lightli_arrival_flooded_house, grunt_decor_arrowhead
D:2:      xom_butterflies, uniq_jessica
D:3:      grunt_dithmenos_smoke, minmay_misc_feat_iff
D:4:      first_bread
D:5:      hex_intersection
D:6:      minmay_temple_entry_glassed_door

Skill      XL: |  1  2  3  4  5  6 |
---------------+-------------------+-----
Fighting       | 1 2 |  2.8
Unarmed Combat | 1 2 3 4 |  4.2
Stealth        | 3 4 |  4.9
Dodging        | 3 |  3.8
Spellcasting   | |  2.0
Necromancy     | |  4.0

Action                   |  1- 3 |  4- 6 |  7- 9 || total
-------------------------+-------+-------+-------++-------
Melee: Unarmed           |    76 |    91 |     1 ||   168
       Constrict         |    25 |    12 |       ||    37
       Tentacles         |    11 |    22 |       ||    33
       Punch             |       |     2 |       ||     2
Throw: Stone             |     1 |       |       ||     1
 Cast: Pain              |     5 |     3 |       ||     8
       Animate Skeleton  |     4 |     1 |       ||     5
       Regeneration      |     1 |     9 |       ||    10
Evoke: Wand              |       |       |     2 ||     2
  Use: Scroll            |     3 |       |       ||     3
       Potion            |     1 |     2 |     2 ||     5
 Stab: Sleeping          |     3 |     7 |       ||    10
  Eat: Bread ration      |       |     1 |       ||     1
Armor: Skin              |    12 |     2 |       ||    14
Dodge: Dodged            |    45 |    51 |       ||    96
